cohdb
Replays
Latest Replays
All Replays
Popular Replays
Top Player Replays
Match Explorer
How It Works
Community
CoH3 Stats
Reddit
Sign in to upload your games and track your stats! →
Sign in with Steam
Match 43348388
Unlisted
Match 43348388
Overview
Messages
Build Orders
End
Kradschützen Motorcycle Team
Selects Armored Support Battlegroup
Panzergrenadier Squad
Panzergrenadier Squad
250 Light Carrier
Construct Light Support Kompanie
Fire Support Elements
Selects Veteran Gunners
Flakvierling Half-track
Selects Salvage Kits
Vehicle Survival Package
2.5-tonne Medical Truck
Panzerjäger Mechanized Group
Construct Panzerarmee Kommand
Emergency Repair Kits
Tungsten Core Ammunition
Selects Panzer Storm
Panzer III L Medium Tank
Veteran Squad Leaders
coori
Pandaren
돈이사라지는마술
見人就倒不墨跡
B1t
SkyCurv
iiruoz
Lennyslav
0
0
Comments
sign in to comment!
No comments posted yet!